Map: [ESL] Gresvan

Players

Spirit

  • Race: Terran Terran

Zoun - Winner!

  • Race: Protoss Protoss

Event: IEM Katowice 2023

VOD

Have the link to the VOD?

Description

Time

  • Played on: Feb. 8, 2023, 4:04 p.m.
  • Length: 14:10

All games in this series

Show
View Real Time Build Order
Export as new Build Order

Spirit Terran 

Build Orders: 1/1/1 

Get SALT Encoding   

  12  0:00  SCV  
  13  0:12  SCV  
  14  0:17  Supply Depot  
  14  0:24  SCV  
  15  0:39  SCV  
  15  0:40  Barracks  
  16  0:45  Refinery  
  16  0:51  SCV  
  16  0:55  Refinery  
  17  1:03  SCV  
  18  1:15  SCV  
  19  1:26  Marine  
  19  1:27  Orbital Command  
  20  1:33  Factory  
  20  1:45  Barracks Reactor  
  20  1:46  Supply Depot  
  20  1:53  SCV  
  21  2:05  SCV  
  22  2:17  SCV, Starport  
  23  2:23  Widow Mine  
  23  2:24  Widow Mine  
  23  2:27  Supply Depot  
  27  2:31  SCV  
  28  2:45  Widow Mine  
  28  2:47  SCV  
  28  2:49  Widow Mine  
  33  3:02  Medivac  
  33  3:03  Armory  
  35  3:05  Supply Depot  
  35  3:09  Widow Mine  
  35  3:12  Widow Mine  
  39  3:21  Supply Depot  
  39  3:27  SCV  
  39  3:32  Medivac  
  42  3:39  Widow Mine, SCV  
  42  3:40  Widow Mine  
  47  3:43  Barracks Reactor  
  45  4:05  Command Center  
  47  4:11  Medivac  
  47  4:12  Widow Mine  
  47  4:16  Widow Mine  
  49  4:21  Marine x2  
  49  4:27  SCV  
  50  4:35  Widow Mine  
  46  4:39  SCV  
  45  4:46  Barracks, Widow Mine  
  45  4:47  Starport Tech Lab  
  45  4:52  Marine x2  
  49  4:57  Barracks  
  50  5:00  SCV  
  50  5:06  Raven  
  50  5:12  SCV  
  47  5:22  Orbital Command  
  47  5:23  Marine x2  
  47  5:24  SCV  
  50  5:36  SCV  
  50  5:38  Barracks Tech Lab  
  51  5:44  Bunker  
  51  5:46  Orbital Command  
  51  5:48  SCV  
  51  5:49  Barracks Tech Lab  
  52  5:52  Engineering Bay  
  52  5:58  Stimpack  
  52  6:00  Marine, SCV  
  52  6:01  Marine  
  54  6:12  SCV  
  54  6:16  Combat Shield  
  54  6:17  SCV  
  56  6:20  Terran Infantry Weapons Level 1  
  56  6:24  SCV  
  57  6:29  SCV  
  54  6:35  Marauder  
  54  6:36  SCV  
  54  6:38  Starport Reactor  
  57  6:41  Marauder, SCV, Missile Turret  
  57  6:43  Marine x2  
  62  6:48  SCV  
  62  6:51  Supply Depot  
  62  6:52  Supply Depot  
  62  6:53  Factory Reactor, SCV  
  64  6:55  Marine  
  64  7:00  Refinery  
  64  7:01  Marine, SCV  
  67  7:02  Marine  
  67  7:05  Marauder  
  70  7:13  SCV x2  
  70  7:15  Marauder, Supply Depot x2  
  74  7:25  Medivac x2, SCV x2  
  74  7:26  Marine, Marauder  
  83  7:32  Widow Mine  
  83  7:36  Widow Mine  
  85  7:37  Concussive Shells, SCV, Refinery  
  85  7:39  Supply Depot  
  85  7:40  Marine  
  87  7:45  Marine, Marauder  
  90  7:59  Medivac, Command Center, Supply Depot  
  90  8:02  Medivac  
  90  8:03  Marine, Marauder  
  90  8:04  Marine  
  90  8:05  Supply Depot  
  98  8:07  SCV x2  
  98  8:12  Marauder  
  101  8:19  SCV x2, Command Center  
  103  8:21  Marine  
  104  8:29  Marine, Medivac  
  104  8:30  Marauder  
  104  8:31  SCV  
  104  8:33  Marauder  
  104  8:34  Supply Depot  
  112  8:39  Marine  
  113  8:43  SCV  
  113  8:45  Medivac  
  113  8:47  Marine  
  117  8:49  SCV  
  117  8:50  Marine  
  117  8:54  Marine  
  110  8:56  Marine  
  110  8:57  SCV  
  110  9:01  SCV  
  98  9:05  Marine  
  98  9:09  Widow Mine x2, Marauder  
  95  9:12  Terran Infantry Armor Level 1  
  95  9:13  Marauder  
  95  9:14  Marine  
  99  9:22  Barracks  
  99  9:23  Barracks  
  95  9:24  Viking  
  95  9:25  Viking  
  95  9:27  Marine  
  95  9:31  Widow Mine x2  
  104  9:33  Ghost Academy  
  104  9:37  SCV x2  
  106  9:42  Marine, Marauder  
  108  9:45  Marine  
  108  9:46  Marauder  
  108  9:49  SCV  
  108  9:52  Orbital Command  
  112  9:53  SCV  
  112  9:58  Viking  
  115  10:00  Viking  
  115  10:01  SCV  
  115  10:04  Ghost  
  120  10:09  Ghost  
  120  10:12  Barracks Tech Lab, Barracks Reactor  
  122  10:16  Refinery  
  122  10:18  Refinery  
  122  10:32  Ghost  
  124  10:38  Bunker, Ghost  
  124  10:40  Viking x2  
  130  10:43  Widow Mine x2  
  130  10:48  Command Center, Missile Turret  
  130  10:49  Marine, SCV x3  
  138  10:50  Marauder  
  138  10:53  Marine  
  138  10:55  Marine  
  135  10:58  Marine  
  135  11:01  SCV x2  
  135  11:02  Marauder  
  140  11:04  Widow Mine  
  140  11:07  Marine, Marauder  
  140  11:08  SCV  
  140  11:10  Marine x2, Viking  
  148  11:13  Viking  
  149  11:29  Marine, Marauder, SCV x2  
  149  11:32  Terran Infantry Weapons Level 2  
  154  11:35  Refinery x2  
  154  11:36  Refinery  
  154  11:39  Engineering Bay, SCV  
  155  11:41  Supply Depot  
  155  11:42  SCV, Supply Depot  
  156  11:49  Sensor Tower  
  156  11:50  SCV  
  157  11:59  Viking  
  157  12:00  Planetary Fortress, Marauder  
  162  12:01  SCV x2  
  162  12:02  SCV  
  162  12:06  Marine  
  165  12:11  Marine  
  165  12:13  SCV x2  
  164  12:16  Medivac  
  164  12:17  Marine  
  164  12:18  Factory Tech Lab, Marauder  
  169  12:23  SCV  
  169  12:25  SCV, Starport  
  169  12:27  Marauder  
  169  12:29  SCV  
  174  12:35  Marine, SCV, Fusion Core  
  176  12:37  Marine  
  176  12:38  Marine  
  176  12:39  Marauder  
  180  12:51  Marine, Marauder  
  176  12:58  Liberator x2  
  176  13:01  Ghost x2  
  176  13:05  Liberator x2  
  183  13:07  Marine  
  183  13:08  Marine  
  188  13:12  Marine  
  188  13:13  Marauder  
  188  13:14  Marine  
  156  13:25  Marine  
  155  13:28  Siege Tank  
  155  13:30  Marauder x2  
  160  13:34  Marauder  
  160  13:37  Marine  
  160  13:41  Marine  
  144  13:42  Marine  
  144  13:44  Marine  
Show
View Real Time Build Order
Export as new Build Order

Zoun Protoss - Winner!

Build Orders: 1 Gate Expand 

Get SALT Encoding   

  12  0:00  Probe  
  13  0:12  Probe  
  14  0:17  Pylon  
  14  0:24  Probe (Chrono Boost)  
  15  0:36  Gateway, Probe (Chrono Boost)  
  16  0:45  Probe (Chrono Boost)  
  16  0:46  Assimilator  
  17  0:50  Probe  
  18  1:03  Probe  
  19  1:15  Probe  
  20  1:23  Cybernetics Core  
  20  1:32  Nexus  
  20  1:39  Zealot (Chrono Boost)  
  22  1:46  Pylon  
  22  1:49  Probe  
  23  1:57  Assimilator  
  23  2:04  Probe, Stalker (Chrono Boost)  
  26  2:11  Shield Battery  
  26  2:13  Warp Gate  
  25  2:17  Probe  
  26  2:27  Adept (Chrono Boost)  
  26  2:29  Probe  
  29  2:45  Probe  
  29  2:46  Gateway  
  29  2:51  Probe, Stalker (Chrono Boost)  
  33  2:59  Robotics Facility  
  33  3:02  Probe  
  33  3:04  Probe  
  35  3:16  Probe (Chrono Boost)  
  35  3:18  Probe (Chrono Boost)  
  35  3:19  Pylon  
  37  3:26  Stalker  
  40  3:31  Probe x2 (Chrono Boost)  
  41  3:36  Probe (Chrono Boost)  
  41  3:38  Probe  
  42  3:47  Probe, Observer (Chrono Boost)  
  44  3:50  Probe  
  45  3:59  Probe  
  42  4:02  Probe  
  42  4:05  Stalker  
  42  4:06  Observer (Chrono Boost)  
  45  4:11  Probe  
  45  4:14  Probe  
  47  4:20  Twilight Council  
  47  4:23  Probe, Stalker  
  50  4:27  Probe  
  49  4:34  Stalker  
  49  4:36  Probe  
  50  4:42  Probe  
  51  4:50  Stalker  
  51  4:52  Probe  
  54  4:57  Pylon  
  54  5:10  Observer  
  54  5:13  Probe  
  54  5:15  Blink (Chrono Boost)  
  54  5:27  Probe x2  
  56  5:33  Stalker  
  58  5:39  Probe x2  
  58  5:41  Pylon  
  60  5:49  Assimilator  
  60  5:52  Pylon  
  60  5:57  Pylon, Probe  
  60  5:59  Immortal, Probe  
  66  6:08  Stalker  
  68  6:15  Observer  
  66  6:19  Gateway  
  66  6:21  Gateway  
  66  6:22  Forge, Observer  
  66  6:24  Shield Battery  
  66  6:31  Probe  
  67  6:38  Observer  
  67  6:39  Probe  
  69  6:43  Probe  
  70  6:51  Nexus  
  70  6:52  Pylon  
  70  6:55  Robotics Bay  
  70  6:56  Protoss Ground Weapons Level 1  
  70  7:02  Pylon, Probe x2  
  72  7:09  Stalker  
  72  7:14  Probe  
  72  7:15  Probe, Observer  
  76  7:19  Assimilator  
  76  7:22  Gateway  
  76  7:27  Probe x2  
  76  7:29  Stalker  
  79  7:30  Observer, Stalker  
  81  7:39  Probe x2  
  81  7:40  Observer  
  81  7:44  Stalker  
  85  7:48  Shield Battery  
  85  7:49  Colossus (Chrono Boost)  
  85  7:51  Probe x2  
  87  7:54  Extended Thermal Lance (Chrono Boost)  
  93  8:07  Probe x2  
  93  8:08  Probe  
  96  8:14  Stalker x2  
  96  8:18  Stalker  
  96  8:19  Probe x2  
  104  8:27  Stalker  
  106  8:30  Charge (Chrono Boost)  
  106  8:32  Pylon  
  106  8:38  Colossus (Chrono Boost)  
  112  8:47  Zealot x3  
  107  8:57  Stalker x2  
  104  9:12  Observer  
  104  9:22  Protoss Ground Weapons Level 2 (Chrono Boost)  
  104  9:23  Warp Prism (Chrono Boost), Observer  
  104  9:24  Probe x3  
  104  9:30  Pylon, Shield Battery, Stalker  
  111  9:32  Stalker  
  111  9:36  Sentry, Probe x2  
  117  9:40  Pylon  
  117  9:42  Observer  
  117  9:45  Observer  
  117  9:53  Zealot x3  
  117  9:59  Nexus, Disruptor  
  123  10:01  Pylon  
  123  10:03  Templar Archives, Probe x2  
  125  10:12  Robotics Facility  
  125  10:13  Photon Cannon  
  128  10:19  Observer  
  128  10:25  Zealot x4  
  128  10:28  Probe  
  137  10:30  Probe x2  
  133  10:37  Photon Cannon, Observer  
  133  10:38  Shield Battery  
  133  10:41  Probe, Observer  
  133  10:42  Probe  
  135  10:43  Photon Cannon  
  135  10:44  Disruptor  
  138  10:54  Probe x2  
  138  10:55  Stalker  
  142  11:00  Observer  
  137  11:05  Stalker x4  
  137  11:10  Disruptor  
  136  11:13  Disruptor  
  139  11:20  Probe  
  139  11:21  Probe x2  
  145  11:29  Probe  
  145  11:32  Pylon  
  146  11:33  Probe x2  
  146  11:34  Pylon  
  148  11:42  Disruptor  
  148  11:43  Zealot x2  
  148  11:46  Gateway  
  155  11:56  Gateway x2  
  155  11:58  Gateway  
  151  12:03  Pylon, Gateway  
  151  12:05  High Templar  
  151  12:06  Stalker  
  151  12:07  Probe  
  157  12:15  Probe x3  
  157  12:17  Assimilator  
  157  12:18  Observer  
  157  12:19  Assimilator, Probe  
  157  12:20  High Templar  
  157  12:21  Zealot  
  164  12:26  Archon  
  164  12:27  Probe  
  164  12:29  Probe x2  
  167  12:32  Probe  
  167  12:35  Zealot  
  167  12:36  Zealot  
  172  12:39  Probe  
  157  12:53  Zealot x4  
  157  12:54  Zealot  
  167  13:03  Disruptor x2  
  173  13:06  Zealot x4  
  167  13:21  Stalker x2  
  167  13:22  Stalker  
  167  13:23  Stalker x2  
  177  13:34  Nexus  
  171  13:44  Zealot x4  
  171  13:45  Zealot x3  
  173  13:57  Stalker  
  173  13:58  Stalker  
  166  14:05  Pylon  

Tags
 
Add a new tag
Caveats
  • Supply blocks, unpowered buildings, or Contaminate may cause inaccurate times.
  • Supply counts are checked every 10 seconds.